 Dungeon Crawl Stone Soup version 0.28.0-62-gf88900778d (webtiles) character file.

Game seed: 2824042313065101022

13942 cbfl8 the Cleaver (level 11, -4/89 HPs)
             Began as a Minotaur Fighter on Jan 31, 2024.
             Was an Elder of Hepliaklqana.
             Slain by a minotaur
             ... wielding the +9 war axe of Ravage {vorpal, rPois rN+}
              (6 damage)
             ... on level 11 of the Dungeon.
             The game lasted 00:28:43 (12558 turns).

cbfl8 the Cleaver (Minotaur Fighter)               Turns: 12558, Time: 00:28:44

Health: -4/89      AC: 19    Str: 24    XL:     11   Next: 82%
Magic:  10/10      EV:  7    Int:  9    God:    Hepliaklqana [****..]
Gold:   736        SH:  6    Dex: 15    Spells: 10/10 levels left

rFire   . . .      SeeInvis +   d - +0 broad axe
rCold   . . .      Faith    .   c - +0 buckler
rNeg    . . .      Spirit   .   w - +0 plate armour
rPois   .          Reflect  .   k - +1 hat
rElec   .          Harm     .   f - scarf {shadows}
rCorr   .          Rampage  .   (no gloves)
Will    .....                   m - +2 pair of boots of the King of Swords {Str+4 Int+4}
Stlth   ..........              i - amulet of regeneration
HPRegen 1.04/turn               z - ring of flight
MPRegen 0.12/turn               u - ring of see invisible

@: flying
A: reduced essence, horns 2, retaliatory headbutt, no potion heal 1
a: Renounce Religion, Recall Ancestor, Ancestor Identity, Transference, Idealise


You were on level 11 of the Dungeon.
You worshipped Hepliaklqana.
Hepliaklqana was greatly pleased with you.
You visited 2 branches of the dungeon, and saw 12 of its levels.
You visited the Abyss 1 time.
You also visited: Gauntlet.

You collected 736 gold pieces.

Inventory:

Hand Weapons
 a - a +0 war axe of protection
 d - a +0 broad axe (weapon)
Missiles
 A - 3 throwing nets
Armour
 c - a +0 buckler (worn)
 f - a scarf of shadows (worn)
 k - a +1 hat (worn)
 m - the +2 pair of boots of the King of Swords (worn) {Str+4 Int+4}
   (You found it in a Gauntlet)

   Str:       It affects your strength (+4).
   Int:       It affects your intelligence (+4).
 n - a +2 pair of gloves
 w - a +0 plate armour (worn)
 x - a +0 pair of boots
Jewellery
 b - a ring of positive energy
 i - an amulet of regeneration (around neck)
 u - a ring of see invisible (right hand)
 z - a ring of flight (left hand)
Wands
 p - a wand of iceblast (8) (quivered)
 r - a wand of flame (22)
 s - a wand of polymorph (20)
 y - a wand of digging (4)
Scrolls
 g - 2 scrolls of enchant armour
 h - 2 scrolls of magic mapping
 j - 3 scrolls of immolation
Potions
 o - 2 potions of lignification
Miscellaneous
 e - a piece from Xom's chessboard (14/15)


   Skills:
 + Level 9.7 Fighting
 + Level 14.0 Axes
 + Level 11.2 Armour
 + Level 7.2 Shields
 * Level 7.8 Evocations


You had 10 spell levels left.
You didn't know any spells.
Your spell library contained the following spells:

 Spells                   Type           Power      Damage    Failure   Level
 Summon Small Mammal      Summ           0%         N/A       99%         1
 Call Canine Familiar     Summ           0%         N/A       100%        3
 Summon Guardian Golem    Hex/Summ       0%         N/A       100%        3
 Orb of Destruction       Conj           0%         9d5       100%        7
 Spellforged Servitor     Conj/Summ      0%         N/A       100%        7
 Chain Lightning          Conj/Air       0%         N/A       100%        9
 Fire Storm               Conj/Fire      0%         5d1       100%        9
 Shatter                  Erth           0%         3d5*      100%        9


Dungeon Overview and Level Annotations

Branches:
Dungeon (11/15)            Temple (1/1) D:4            Lair (0/6) D:9
    Orc (0/2) D:10        Gauntlet (visited)

Altars:
Ashenzari
Cheibriados
Dithmenos
Elyvilon
Fedhas
Gozag
Hepliaklqana
Kikubaaqudgha
Makhleb
Nemelex Xobeh
Okawaru
Qazlal
Ru
Sif Muna
Trog
Uskayaw
Vehumet
Wu Jian
Xom
Yredelemnul
Zin
The Shining One

Shops:
D:2 :   D:4 *((=[   D:5 [   D:6 *


Innate Abilities, Weirdness & Mutations

Your life essence is reduced to manifest your ancestor. (-10% HP)
You have a pair of horns on your head.
You reflexively headbutt those who attack you in melee.
Potions are less effective at restoring your health.


Message History

Unknown command.
You are too injured to fight recklessly!
You swap places.
Valentine hits the minotaur with a +0 quarterstaff!
The minotaur throws a silver javelin.
The silver javelin pierces through Valentine!
Valentine is destroyed!
The silver javelin pierces through you!!
* * * LOW HITPOINT WARNING * * *
The silver sears you!
* * * LOW HITPOINT WARNING * * *
Blink to where?
Press: ? - help, Dir - move target, p - minotaur
As you read the scroll of blinking, it crumbles to dust.
There is a transporter landing site here.
You make a move on Xom's chessboard...
The minotaur resists with almost no effort.
There is an open door, spattered with blood here.
There is a gate leading back out of this place here.
Items here: ( /// : = [[ |.
n - a +2 pair of gloves
r - a wand of flame (22) (gained 12 charges)
p - a wand of iceblast (8)
s - a wand of polymorph (20) (gained 4 charges)
The minotaur barely misses you.
The minotaur gores you but does no damage.
Welcome back to the Dungeon!
There is an empty arch of ancient stone here.
Okay, then.
Your system partially rejects the healing.
You feel much better.
The minotaur hits you with the +9 war axe of Ravage {vorpal, rPois rN+}!!
* * * LOW HITPOINT WARNING * * *
x2 You block the minotaur's attack.
You block the minotaur's attack. The minotaur gores you!
* * * LOW HITPOINT WARNING * * *
The minotaur hits you with the +9 war axe of Ravage {vorpal, rPois rN+}.
* * * LOW HITPOINT WARNING * * *
x2 The minotaur gores you.
You die...

,,,,,,..#* *#.##
,,,,,*...#* *...#
,,*,,,....####...#
,,,,,,......#...##
,,,,,>...........#
,,,,,,..........####**#
,,*,,,........###..##.##
,,,,,,........##.H∩....#
,,,,,,..........@.....##
,,,,,,......#÷##.##.###
,,*,,,......[..###*##
,,,,,,.........##
,,,,,,..........#
,,,,,,.........### *
*,,,,,,..#.......### **
,,,,,,,...#........#* ***
*,
,,,,,,,.............***,**
**,


You could see a minotaur.

Vanquished Creatures
  Harold (D:9)
  Erolcha (D:10)
  A two-headed ogre (D:10)
  A sixfirhy (Gauntlet)
  An ugly thing (Gauntlet)
  Psyche (D:9)
  A tengu conjurer (D:11)
  A queen bee (D:9)
  A troll (D:10)
  Prince Ribbit (D:6)
  A large abomination (Abyss:1)
  A wraith (D:10)
  A shadow (D:11)
  Sigmund (D:4)
  5 yaks
  2 steam dragons
  A water moccasin (D:5)
  3 black bears (D:6)
  4 orc warriors
  5 ogres
  4 centaurs
  7 kobold brigands
  A bullfrog (D:7)
  A gnoll sergeant (D:10)
  2 scorpions
  A water moccasin skeleton (D:6)
  4 killer bees (D:10)
  5 wights (D:6)
  2 centaur zombies
  3 bullfrog skeletons
  2 gnoll shamans
  7 orc priests
  5 hounds
  2 iguanas
  A centaur skeleton (D:7)
  4 orc wizards
  A killer bee zombie (D:6)
  A small abomination (Abyss:1)
  A hound zombie (D:3)
  2 howler monkey zombies
  Robin (D:3)
  10 gnolls
  4 adders
  3 shadow imps
  2 ufetubi (Gauntlet)
  An adder zombie (D:5)
  2 worms
  A dart slug (D:2)
  25 orcs
  8 ball pythons
  8 endoplasms
  4 giant cockroaches
  14 goblins
  14 hobgoblins
  6 bats
  5 frilled lizards
  A giant cockroach zombie (D:3)
  20 kobolds
  6 rats
225 creatures vanquished.

Vanquished Creatures (collateral kills)
  Josephine (D:10)
  A great orb of eyes (Gauntlet)
  A soul eater (Gauntlet)
  A worldbinder (Abyss:1)
  A centaur zombie (D:11)
  Maurice (D:9)
  A gargoyle (D:10)
  A tengu conjurer (D:11)
  A troll (D:10)
  3 yaks (D:8)
  3 wraiths
  A wyvern (D:10)
  A large abomination (Abyss:1)
  2 water moccasins (D:9)
  An orc warrior (D:10)
  A necrophage (D:7)
  2 kobold brigands (D:10)
  2 killer bees (D:10)
  An orc priest (D:7)
  A killer bee zombie (D:8)
  2 shadow imps (Gauntlet)
  3 orcs
32 creatures vanquished.

Vanquished Creatures (others)
  6 battlemagi
  22 demonic plants (Gauntlet)
  A fungus (Gauntlet)
  6 plants
35 creatures vanquished.

Grand Total: 292 creatures vanquished

Notes
Turn   | Place    | Note
-------+----------+-------------------------------------------
     0 | D:1      | cbfl8 the Minotaur Fighter began the quest for the Orb.
     0 | D:1      | Reached XP level 1. HP: 19/19 MP: 0/0
   269 | D:1      | Reached XP level 2. HP: 27/27 MP: 1/1
   422 | D:1      | Found a faded altar of an unknown god.
   797 | D:2      | Found Opseugeeh's Book Boutique.
   813 | D:2      | Found an opulent altar of Gozag.
   973 | D:2      | Reached skill level 3 in Axes
   973 | D:2      | Reached XP level 3. HP: 33/33 MP: 2/2
   990 | D:2      | Reached skill level 1 in Evocations
  1465 | D:3      | Reached XP level 4. HP: 40/40 MP: 3/3
  1517 | D:3      | Reached skill level 4 in Axes
  1727 | D:3      | Noticed Robin
  1777 | D:3      | Killed Robin
  1824 | D:3      | Reached XP level 5. HP: 47/47 MP: 4/4
  2143 | D:3      | Found a basalt altar of Yredelemnul.
  2252 | D:4      | Reached skill level 5 in Axes
  2308 | D:4      | Found a staircase to the Ecumenical Temple.
  2371 | Temple   | Entered the Ecumenical Temple
  2546 | D:4      | Reached XP level 6. HP: 22/53 MP: 5/5
  2819 | D:4      | Noticed Sigmund
  2828 | D:4      | Killed Sigmund
  2829 | D:4      | Reached skill level 6 in Axes
  2883 | D:4      | Found Melouph's Antique Armour Emporium.
  2912 | D:4      | Found Daofar's Antique Weapon Emporium.
  2928 | D:4      | Found Nucy's Weapon Shoppe.
  2945 | D:4      | Reached XP level 7. HP: 18/60 MP: 6/6
  3025 | D:4      | Found Kelituig's Jewellery Shoppe.
  3122 | D:4      | Found Gagis's General Store.
  3261 | D:5      | Entered Level 5 of the Dungeon
  3272 | D:5      | Reached skill level 5 in Fighting
  3373 | D:5      | Found Nanunaz's Antique Armour Shoppe.
  3541 | D:5      | Reached skill level 5 in Armour
  3729 | D:5      | Reached skill level 7 in Axes
  3767 | D:5      | Found a hazy altar of Hepliaklqana.
  3767 | D:5      | Found a shimmering blue altar of Sif Muna.
  3775 | D:5      | Found an iron altar of Okawaru.
  3778 | D:5      | Found an ornate altar of the Wu Jian Council.
  3780 | D:5      | Found a hide-covered altar of Uskayaw.
  4188 | D:5      | Became a worshipper of Hepliaklqana the Forgotten
  4215 | D:6      | Reached XP level 8. HP: 69/69 MP: 7/7
  4251 | D:6      | Reached skill level 8 in Axes
  4330 | D:6      | Found a snail-covered altar of Cheibriados.
  4557 | D:6      | Noticed Prince Ribbit
  4570 | D:6      | Killed Prince Ribbit
  4653 | D:6      | Found Uhoinau's Assorted Antiques.
  4690 | D:6      | Reached skill level 9 in Axes
  4932 | D:6      | Reached XP level 9. HP: 39/75 MP: 8/8
  5191 | D:6      | Reached skill level 5 in Shields
  5563 | D:7      | Reached * piety under Hepliaklqana
  5688 | D:7      | Reached skill level 5 in Evocations
  5736 | D:7      | Reached skill level 10 in Axes
  5811 | D:7      | You fall into a shaft and drop 3 floors!
  5811 | D:10     | Entered Level 10 of the Dungeon
  5904 | D:10     | Noticed a troll
  5911 | D:10     | Killed a troll
  6120 | D:10     | Reached skill level 11 in Axes
  6250 | D:10     | Noticed Josephine
  6269 | D:9      | Found a broken altar of Ashenzari.
  6290 | D:9      | Found the +8 demon trident "Rift" {distort, reach+}
  6328 | D:9      | Found an opulent altar of Gozag.
  6328 | D:9      | Found a glowing silver altar of Zin.
  6381 | D:9      | Noticed Joseph
  6387 | D:9      | Noticed Joseph
  6387 | D:9      | Joseph changed into Joseph the rime drake
  6389 | D:9      | Noticed Joseph
  6389 | D:9      | Joseph the rime drake changed into Joseph the queen bee
  6733 | D:8      | Reached ** piety under Hepliaklqana
  6737 | D:8      | Remembered your ancestor Valentine as a battlemage
  6861 | D:8      | Reached XP level 10. HP: 50/77 MP: 9/9
  6981 | D:7      | Found a sparkling altar of Nemelex Xobeh.
  6984 | D:7      | Found a stormy altar of Qazlal.
  8379 | D:9      | Noticed Maurice
  8399 | D:9      | Killed Maurice
  8533 | D:9      | Noticed Harold
  8550 | D:9      | Killed Harold
  8551 | D:9      | Reached skill level 12 in Axes
  8588 | D:9      | Killed Joseph the queen bee
  8901 | D:9      | Noticed Psyche
  8904 | D:9      | Cast into level 1 of the Abyss (Psyche)
  9009 | Abyss:1  | Noticed a worldbinder
  9025 | Abyss:1  | Noticed a manticore
  9025 | Abyss:1  | Noticed a merfolk aquamancer
  9028 | Abyss:1  | Killed a worldbinder
  9029 | Abyss:1  | Noticed a lich
  9031 | Abyss:1  | Noticed a rakshasa
  9033 | Abyss:1  | Gained mutation: Potions are less effective at restoring
                  | your health. [potion of mutation]
  9082 | Abyss:1  | Identified the +5 tower shield "Parucrec" {+Inv Will- rCorr
                  | Stlth+}
  9082 | Abyss:1  | Noticed a daeva
  9128 | Abyss:1  | Noticed an orange demon
  9166 | Abyss:1  | Noticed a large abomination
  9201 | Abyss:1  | Noticed a tentacled starspawn
  9214 | D:9      | Escaped the Abyss
  9224 | D:9      | Killed Psyche
  9544 | D:9      | Found a staircase to the Lair.
  9696 | D:10     | Found a shimmering altar of Xom.
  9749 | D:10     | Found a shimmering altar of Xom.
  9749 | D:10     | Found a shimmering altar of Xom.
  9752 | D:10     | Found a shimmering altar of Xom.
  9763 | D:10     | Reached *** piety under Hepliaklqana
  9815 | D:10     | Noticed a two-headed ogre
  9820 | D:10     | Killed a two-headed ogre
  9879 | D:10     | Noticed a gargoyle
  9888 | D:10     | Killed a gargoyle
  9889 | D:10     | Reached XP level 11. HP: 44/85 MP: 10/10
 10143 | D:10     | Found a staircase to the Orcish Mines.
 10151 | D:10     | Reached skill level 10 in Armour
 10308 | D:10     | Reached skill level 13 in Axes
 10563 | D:10     | Killed Josephine
 10571 | D:10     | Noticed Erolcha
 10930 | D:10     | Killed Erolcha
 11545 | D:11     | Found a gate leading to a gauntlet.
 11561 | Gauntlet | Entered a Gauntlet
 11561 | Gauntlet | Found a transporter.
 11573 | Gauntlet | Noticed a sixfirhy
 11578 | Gauntlet | Found a transporter.
 11590 | Gauntlet | Found a transporter.
 11593 | Gauntlet | Noticed a fire crab
 11595 | Gauntlet | Found a transporter.
 11597 | Gauntlet | Noticed a purple ugly thing
 11605 | Gauntlet | Noticed a great orb of eyes
 11611 | Gauntlet | Found a transporter.
 11629 | Gauntlet | Found a transporter.
 11652 | Gauntlet | Found a transporter.
 11654 | Gauntlet | Noticed a ghost crab
 11672 | Gauntlet | Noticed a quicksilver ooze
 11675 | Gauntlet | Found a transporter.
 11701 | Gauntlet | Found a transporter.
 11710 | Gauntlet | Found a transporter.
 11710 | Gauntlet | Noticed a wolf spider
 11716 | Gauntlet | Found a transporter.
 11716 | Gauntlet | Found a transporter.
 11720 | Gauntlet | Noticed an entropy weaver
 11757 | Gauntlet | Found a transporter.
 11779 | Gauntlet | Noticed a soul eater
 11783 | Gauntlet | Found a transporter.
 11785 | Gauntlet | Found a transporter.
 11803 | Gauntlet | Reached **** piety under Hepliaklqana
 11807 | Gauntlet | Found a transporter.
 11900 | Gauntlet | Found a transporter.
 12054 | Gauntlet | Found a transporter.
 12231 | Gauntlet | Killed a soul eater
 12423 | Gauntlet | Killed a sixfirhy
 12479 | Gauntlet | Killed a purple ugly thing
 12486 | Gauntlet | Killed a great orb of eyes
 12487 | Gauntlet | Reached skill level 14 in Axes
 12499 | Gauntlet | Identified the +2 pair of boots of the King of Swords
                  | {Str+4 Int+4}
 12528 | Gauntlet | Identified the +9 war axe of Ravage {vorpal, rPois rN+}
 12528 | Gauntlet | Identified the ring of the Jackalope {rElec Will+ MP+9
                  | Str+4}
 12528 | Gauntlet | Noticed a minotaur
 12558 | D:11     | HP: 3/89 [minotaur/the +9 war axe of Ravage {vorpal, rPois
                  | rN+} (6)]
 12558 | D:11     | Slain by a minotaur

Illustrated notes

Levels and vault maps discovered:
D:1:      minmay_arrival_four_houses, layout_basic, basic_ecumenical_altar,
          serial_forest, infiniplex_forest_clump_long,
          infiniplex_forest_clump_double, infiniplex_forest_end_3,
          infiniplex_forest_lined_2, infiniplex_forest_end_1,
          infiniplex_forest_straight_3, infiniplex_forest_lined_1
D:2:      layout_loops_ring, basic_altar, serial_shops, shop
D:3:      layout_basic, lemuel_zombie_altar_yredelemnul, uniq_robin
D:4:      layout_rooms, temple_pool_b, serial_shops, nicolae_shop_hallway_plus,
          kennysheep_mini, shop, shop, nicolae_shop_bloodbath_and_beyond,
          uniq_sigmund
D:5:      layout_basic, chequers_temple_overflow_minitemple, serial_shops,
          kennysheep_little_box
D:6:      layout_loops_ring, mainiacjoe_overflow_alcove_1, serial_shops, shop,
          uniq_prince_ribbit1
D:7:      layout_basic, gammafunk_temple_overflow_statue
D:8:      layout_basic, minmay_tree_intersection
D:9:      layout_rooms, grunt_temple_overflow_gold_and_silver,
          mainiacjoe_overflow_concentric_impassable, lair_entry_dummy,
          grunt_decor_mini_mirrors, uniq_harold, uniq_psyche, uniq_maurice,
          uniq_joseph
D:10:     layout_irregular_city, xom_redecorated,
          kennysheep_orc_monster_closet_entryway, uniq_josephine, uniq_erolcha
D:11:     layout_cross, gauntlet_entry_generic
Temple:   nicolae_temple_figure_zero

Skill      XL: |  1  2  3  4  5  6  7  8  9 10 11 |
---------------+----------------------------------+-----
Fighting       | 4 5 6 7 8 9 |  9.7
Axes           | 3 4 5 6 7 9 11 12 14 | 14.0
Evocations     | 1 2 3 4 5 6 7 |  7.8
Armour         | 4 5 7 8 9 11 | 11.2
Shields        | 4 5 6 7 |  7.2

Action                   |  1- 3 |  4- 6 |  7- 9 | 10-12 || total
-------------------------+-------+-------+-------+-------++-------
Melee: War axe           |    91 |   142 |   271 |   237 ||   741
       Headbutt          |     9 |    19 |    53 |    57 ||   138
       Unarmed           |       |       |       |     2 ||     2
       Broad axe         |       |       |       |     1 ||     1
Invok: Recall Ancestor   |       |       |     1 |     1 ||     2
       Ancestor Life: Ba |       |       |     1 |       ||     1
       Ancestor Identity |       |       |     1 |       ||     1
Evoke: Wand              |       |     1 |     9 |    15 ||    25
       Piece from Xom's  |       |       |       |     1 ||     1
  Use: Potion            |       |     4 |     6 |     5 ||    15
       Scroll            |       |       |     9 |    12 ||    21
 Stab: Distracted        |       |       |       |     5 ||     5
       Confused          |       |       |       |     2 ||     2
       Invisible         |       |       |       |     4 ||     4
Armor: Scale mail        |    52 |    69 |     2 |       ||   123
       Skin              |       |     5 |       |    10 ||    15
       Chain mail        |       |       |   203 |     8 ||   211
       Plate armour      |       |       |       |   151 ||   151
Dodge: Dodged            |    32 |    76 |   123 |    77 ||   308
Block: Buckler           |    24 |    38 |    66 |    74 ||   202
